 Dungeon Crawl Stone Soup version 0.20-a0-463-g5747544 (webtiles) character file.

134193 Eptagon the Imperceptible (level 16, -22/84 HPs)
             Began as a Spriggan Enchanter on Jan 9, 2017.
             Was an Initiate of Gozag.
             Shot with a bolt by a naga sharpshooter (29 damage)
             ... led by Vashnia
             ... on level 2 of the Snake Pit on Jan 11, 2017.
             The game lasted 02:08:59 (35061 turns).

Eptagon the Imperceptible (Spriggan Enchanter)     Turns: 35061, Time: 02:08:59

Health: -22/84     AC:  6    Str:  4    XL:     16   Next: 31%
Magic:  35/35      EV: 27    Int: 19    God:    Gozag
Gold:   5805       SH:  3    Dex: 22    Spells: 16/43 levels left

rFire  + + +     SeeInvis +     a - +6 dagger (elec)
rCold  + . .     Gourm    .     t - +0 robe
rNeg   . . .     Faith    .     (shield restricted)
rPois  +         Spirit   .     B - +1 hat
rElec  .         Reflect  +     y - +2 cloak of Sunlight {*Drain +Blink rF+++ Int-5}
rCorr  +         Harm     .     (gloves unavailable)
MR     ++...                    (boots unavailable)
Stlth  +++++++++.               A - +3 amulet of reflection
                                N - ring "Foxaubun" {rCorr *Drain rC+ Int+4 SInv}
                                k - +5 ring of slaying

@: gold aura, very quick
A: unfitting armour, claws 1, see invisible, clever 1, herbivore 3, speed 3,
poison resistance, slow metabolism 2
}: 1/15 runes: abyssal
a: Potion Petition, Call Merchant, Bribe Branch, Renounce Religion, Evoke Blink


You were on level 2 of the Snake Pit.
You worshipped Gozag.
Gozag was greatly pleased with you.
You were hungry.

You visited 5 branches of the dungeon, and saw 26 of its levels.
You visited the Abyss 1 time.
You also visited: Ice Cave.

You collected 10438 gold pieces.
You spent 1868 gold pieces at shops.
You paid 2765 gold pieces to Gozag.

Inventory:

Hand Weapons
 a - a +6 dagger of electrocution (weapon)
 x - the +9 trident of Hydesm {protect, +Inv Str+6 Dex-5}
   (You found it on level 4 of the Dungeon)

   It protects the one who uses it against injury (+AC on strike).
   It affects your strength (+6).
   It affects your dexterity (-5).
   It lets you turn invisible.
 H - the +8 demon blade "Leech" {vamp, rN+ AC-3 EV-3}
   (You found it on level 3 of the Lair of Beasts)

   It inflicts no extra harm, but heals its wielder when it wounds a living foe.
   It affects your AC (-3).
   It affects your evasion (-3).
   It protects you from negative energy.
Armour
 t - a +0 robe (worn)
 y - the +2 cloak of Sunlight (worn) {*Drain +Blink rF+++ Int-5}
   (You bought it in a shop on level 15 of the Dungeon)

   It affects your intelligence (-5).
   It renders you almost immune to fire.
   It lets you blink.
   It causes draining when unequipped.
 B - a +1 hat (worn)
Jewellery
 k - a +5 ring of slaying (left claw)
 r - an uncursed ring of protection from cold
 A - a +3 amulet of reflection (around neck)
 N - the ring "Foxaubun" (right claw) {rCorr *Drain rC+ Int+4 SInv}
   (You bought it in a shop on level 1 of the Lair of Beasts)

   [ring of resist corrosion]

   It affects your intelligence (+4).
   It protects you from cold.
   It lets you see invisible.
   It causes draining when unequipped.
 Q - an uncursed ring of flight
Wands
 m - a wand of lightning (5/15)
 o - a wand of digging (18/24)
 s - a wand of acid (8/15)
 v - a wand of iceblast (4/15)
 w - a wand of acid (5/15)
 D - a wand of acid (6/15)
 P - a wand of acid (8/15)
 T - a wand of iceblast (9/15)
 U - a wand of disintegration (6/24)
 X - a wand of digging (11/24)
 Y - a wand of scattershot (3/9)
Scrolls
 b - a scroll of identify
 c - 6 scrolls of teleportation
 g - 8 scrolls of magic mapping
 h - 7 scrolls of fog
 j - 2 scrolls of blinking
 n - 4 scrolls of recharging
 q - 6 scrolls of remove curse
 z - 5 scrolls of enchant armour
 F - a scroll of silence
 K - 2 scrolls of fear
Potions
 i - 4 potions of brilliance
 l - 5 potions of agility
 p - 13 potions of curing
 u - 4 potions of cure mutation
 C - 2 potions of haste
 E - 2 potions of resistance
 J - 2 potions of flight
 L - 2 potions of magic
 M - 5 potions of cancellation
 S - 3 potions of berserk rage
Miscellaneous
 e - a lamp of fire
 f - 2 phantom mirrors
Comestibles
 d - 15 bread rations
 G - a fruit
 V - 5 slices of pizza


   Skills:
 + Level 9.3 Fighting
 - Level 10.0 Short Blades
 - Level 9.0 Dodging
 + Level 22.5 Stealth
 + Level 14.1 Spellcasting
 - Level 16.0 Hexes
 + Level 8.4 Earth Magic


You had 16 spell levels left.
You knew the following spells:

 Your Spells              Type           Power        Failure   Level  Hunger
b - Ensorcelled Hibernat  Hex/Ice        #####.       1%          2    None
c - Confuse               Hex            ######..     1%          3    None
d - Tukima's Dance        Hex            ######..     1%          3    None
g - Shroud of Golubria    Chrm/Tloc      ##........   10%         2    None
l - Lee's Rapid Deconstr  Erth           #####.....   4%          5    ####...
r - Regeneration          Chrm/Necr      ##........   14%         3    None
s - Dazzling Spray        Conj/Hex       #####.       1%          3    None
D - Darkness              Hex            ######....   1%          6    #####..


Dungeon Overview and Level Annotations

Branches:
Dungeon (15/15)            Temple (1/1) D:4            Lair (6/6) D:9
 Shoals (0/4) Lair:4        Snake (2/4) Lair:3        Slime (0/5) Lair:6
    Orc (2/2) D:11            Elf (0/3) Orc:2        Vaults (0/5) D:14
 Depths (0/5) D:15

Altars:
Ashenzari
Cheibriados
Dithmenos
Elyvilon
Fedhas
Gozag
Hepliaklqana
Kikubaaqudgha
Makhleb
Nemelex Xobeh
Okawaru
Qazlal
Ru
Sif Muna
Trog
Uskayaw
Vehumet
Xom
Yredelemnul
Zin
The Shining One

Shops:
D:4 ((   D:7 (   D:12 }   D:15 [   Orc:2 *(*   Lair:1 =

Annotations:
Snake:2 Vashnia


Innate Abilities, Weirdness & Mutations

You are very small and have problems with some larger weapons.
You are too small for most types of armour.
You have supernaturally acute eyesight. (SInv)
You are a herbivore.
You cover ground extremely quickly.
You need consume almost no food.
You have sharp fingernails.
Your mind is acute. (Int +2)
Your system is resistant to poisons. (rPois)


Message History

It stops glowing.
Vashnia wields an uncursed arbalest.
Vashnia casts a spell.
Vashnia magically shoots a bolt.
The bolt hits you!!!
Ouch! That really hurt!
You see here 2 bolts.
The naga sharpshooter unwields an uncursed glaive.
The naga sharpshooter wields an uncursed shortbow.
The naga sharpshooter mumbles some strange words.
The naga sharpshooter magically shoots an arrow.
The arrow hits you!
* * * LOW HITPOINT WARNING * * *
The naga sharpshooter unwields an uncursed halberd.
The naga sharpshooter wields an uncursed shortbow.
The naga sharpshooter gestures wildly while chanting.
The naga sharpshooter magically shoots an arrow.
The arrow hits you!
* * * LOW HITPOINT WARNING * * *
The naga sharpshooter shoots a bolt.
The bolt hits you!!
You die...
Your body crumbles into a pile of gold.

##.............. #.
#.......##...N.# #.
##......##.N...## .#
###........#.N....###
#.#........#S#...N... #
#...................# .
#...........(.#.#..## .
#####.##........(....# .#..#
#
.......######.##@######.....
#######.#####...## #......
### #.......##.##
##..........## #..#
##.....####.###............#
....###.....#
#..##.............
.....#..#...#
##.##.............
.......##.#.#
##.#.............
.........####
##.............. ........##
#######..............


You could see Vashnia, 3 naga sharpshooters and a shock serpent.

Vanquished Creatures
  A nagaraja (Snake:2)
  A fire giant (D:12)
  A frost giant (IceCv)
  2 dire elephants (Lair:6)
  A green draconian (Abyss:3)
  6 ettins (Abyss:3)
  A fire dragon (Lair:6)
  8 hydras
  5 centaur warriors
  3 catoblepae
  2 anacondas (Snake:1)
  3 two-headed ogres
  Erica (D:8)
  A death knight (D:12)
  10 death yaks
  3 ogre magi (D:15)
  Urug (D:12)
  A thrashing horror (Abyss:2)
  A shock serpent (Snake:2)
  4 naga sharpshooters
  An orc high priest (Orc:2)
  2 skeletal warriors (D:15)
  A salamander mystic (Snake:1)
  3 unseen horrors
  3 flayed ghosts
  A swamp dragon (Lair:6)
  A shadow demon (Abyss:3)
  2 wizards
  2 lindwurms (Lair:6)
  Pikel (D:6)
  2 ugly things (D:13)
  A salamander (shapeshifter) (D:12)
  6 manticores
  A mana viper (Snake:2)
  6 cyclopes
  A frost giant zombie (D:15)
  4 orc sorcerers (Orc:2)
  5 salamanders (Snake:1)
  Psyche (D:9)
  3 naga magi
  A torpor snail (Lair:5)
  3 centaur zombies
  9 black mambas
  5 gargoyles
  An ice statue (IceCv)
  A kobold demonologist (D:14)
  8 komodo dragons
  8 spiny frogs
  5 rime drakes
  10 trolls
  A silent spectre (Abyss:3)
  10 polar bears (IceCv)
  3 meliai (D:12)
  11 slime creatures
  A spriggan zombie (D:15)
  A hornet (D:12)
  15 hippogriffs
  6 blink frogs
  A meliai zombie (D:15)
  A shadow (D:12)
  A centaur simulacrum (D:10)
  An ettin skeleton (Abyss:3)
  5 basilisks
  A vampire (D:15)
  4 wyverns
  4 wraiths
  73 yaks
  3 fire elementals (Lair:2)
  3 hungry ghosts
  3 steam dragons (Lair:6)
  Menkaure (D:7)
  An acid dragon (Lair:6)
  2 vampire mosquitoes (D:15)
  8 swamp worms (Lair:5)
  An insubstantial wisp (Abyss:2)
  6 nagas
  12 water moccasins
  A floating eye (Abyss:3)
  5 porcupines
  2 slaves (D:6)
  11 orc warriors
  4 phantoms
  A swamp drake (Lair:6)
  4 black bears
  7 sky beasts
  4 ice beasts
  21 wolves
  An eye of draining (D:11)
  2 ogres (D:15)
  11 centaurs
  11 crocodiles
  A big kobold (D:11)
  15 bullfrogs
  A water moccasin zombie (D:5)
  A wyvern zombie (D:14)
  2 tengu zombies (D:15)
  A water moccasin skeleton (D:8)
  9 scorpions
  6 wights
  10 crimson imps
  4 bullfrog zombies
  2 quasits
  7 hounds
  21 orc priests
  3 centaur skeletons
  43 orc wizards
  9 jellies
  3 bullfrog skeletons
  A gnoll shaman (D:7)
  Terence (D:3)
  7 iguanas
  10 worker ants
  Natasha (thrice) (D:2)
  A killer bee zombie (D:5)
  A hound skeleton (D:10)
  A mummy (D:6)
  A howler monkey zombie (D:5)
  2 worker ant zombies
  7 gnolls
  11 adders
  4 shadow imps
  3 oozes (Lair:6)
  2 adder skeletons
  11 worms
  A dart slug (D:2)
  3 leopard geckos
  55 orcs
  5 giant cockroaches
  6 goblins
  6 hobgoblins
  7 jackals
  7 quokkas
  16 bats
  6 frilled lizards
  A jackal skeleton (D:4)
  14 kobolds
  A quokka skeleton (D:8)
  A quokka zombie (D:5)
  2 rats
  A fungus (D:6)
754 creatures vanquished.

Vanquished Creatures (collateral kills)
  16 two-headed ogres
  An ogre mage (D:15)
  A salamander mystic (Snake:1)
  A necromancer (D:15)
  3 salamanders (Snake:1)
  2 efreet (D:15)
  2 nagas
  A meliai simulacrum (D:15)
  8 orc warriors
  13 ogres
  2 wights (D:6)
  4 orc priests
  An orc wizard (Orc:2)
  5 gnolls
  16 orcs
76 creatures vanquished.

Vanquished Creatures (others)
  13 dancing weapons
  A wolf (IceCv)
  A crimson imp (D:15)
  An adder (D:6)
  2 orcs
  9 fungi
  20 plants
  5 withered plants (D:15)
52 creatures vanquished.

Grand Total: 882 creatures vanquished

Notes
Turn   | Place    | Note
-------+----------+-------------------------------------------
     0 | D:1      | Eptagon the Spriggan Enchanter began the quest for the Orb.
     0 | D:1      | Reached XP level 1. HP: 9/9 MP: 5/5
   585 | D:1      | Reached XP level 2. HP: 6/13 MP: 2/7
   630 | D:1      | Learned a level 2 spell: Ensorcelled Hibernation
  1438 | D:2      | Reached skill level 5 in Stealth
  1461 | D:2      | Reached XP level 3. HP: 16/16 MP: 3/8
  1831 | D:2      | Noticed Natasha
  1836 | D:2      | Killed Natasha
  1836 | D:2      | Reached XP level 4. HP: 21/21 MP: 8/10
  1944 | D:2      | Learned a level 3 spell: Confuse
  2175 | D:2      | Noticed Natasha
  2225 | D:2      | Killed Natasha
  2225 | D:2      | Reached skill level 6 in Stealth
  2693 | D:2      | Noticed Natasha
  2698 | D:2      | Killed Natasha
  2698 | D:2      | Reached skill level 5 in Hexes
  2698 | D:2      | Reached XP level 5. HP: 24/24 MP: 5/12
  2839 | D:3      | Noticed Terence
  2849 | D:3      | Killed Terence
  3062 | D:3      | Found a shadowy altar of Dithmenos.
  3087 | D:3      | Learned a level 3 spell: Tukima's Dance
  3091 | D:3      | Learned a level 3 spell: Dazzling Spray
  3727 | D:4      | Noticed a phantom
  3867 | D:4      | Found Cuirat's Antique Weapon Boutique.
  3880 | D:4      | Reached skill level 7 in Stealth
  3976 | D:4      | Reached XP level 6. HP: 19/28 MP: 0/14
  4106 | D:4      | Reached skill level 5 in Spellcasting
  4341 | D:4      | Found a staircase to the Ecumenical Temple.
  4349 | Temple   | Entered the Ecumenical Temple
  4420 | Temple   | Became a worshipper of Gozag Ym Sagoz the Greedy
  4451 | D:4      | Found a sparkling altar of Nemelex Xobeh.
  4451 | D:4      | Found a glowing golden altar of the Shining One.
  4486 | D:4      | Found Ithawn's Weapon Shop.
  4537 | D:4      | Got a pitted trident
  4538 | D:4      | Identified the +9 trident of Hydesm {protect, +Inv Str+6 Dex-5} (You found it on level 4 of the Dungeon)
  4612 | D:4      | Found a sacrificial altar of Ru.
  4694 | D:5      | Entered Level 5 of the Dungeon
  4730 | D:5      | Reached skill level 8 in Stealth
  4730 | D:5      | Reached XP level 7. HP: 32/32 MP: 16/16
  4736 | D:5      | Found a basalt altar of Yredelemnul.
  4739 | D:5      | Found a shattered altar of Ashenzari.
  4743 | D:5      | Found a hide-covered altar of Uskayaw.
  4902 | D:5      | Reached skill level 9 in Stealth
  5134 | D:5      | Reached XP level 8. HP: 31/36 MP: 2/19
  5707 | D:5      | Reached skill level 10 in Stealth
  6019 | D:6      | Noticed Pikel
  6248 | D:6      | Found a burning altar of Makhleb.
  6470 | D:6      | Killed Pikel
  6470 | D:6      | Reached skill level 11 in Stealth
  6470 | D:6      | Reached XP level 9. HP: 24/39 MP: 1/22
  6747 | D:6      | Found a radiant altar of Vehumet.
  6747 | D:6      | Found a deep blue altar of Sif Muna.
  6929 | D:6      | Reached skill level 5 in Short Blades
  7347 | D:6      | Found a snail-covered altar of Cheibriados.
  8087 | D:7      | Reached skill level 12 in Stealth
  8320 | D:7      | Noticed Menkaure
  8327 | D:7      | Killed Menkaure
  8331 | D:7      | Identified a scroll of acquirement
  8333 | D:7      | Got a slimy short sword
  8334 | D:7      | Identified the +2 short sword "Dymadargh" {freeze, Int+4 Dex+2} (You acquired it on level 7 of the Dungeon)
  8830 | D:8      | Noticed Erica
  8864 | D:8      | Killed Erica
  8864 | D:8      | Reached skill level 10 in Hexes
  8864 | D:8      | Reached XP level 10. HP: 27/44 MP: 5/24
  9406 | D:8      | Noticed a two-headed ogre
  9425 | D:8      | Killed a two-headed ogre
  9425 | D:8      | Reached skill level 13 in Stealth
  9425 | D:8      | Reached skill level 10 in Spellcasting
  9494 | D:8      | Found a hazy altar of Hepliaklqana.
  9495 | D:8      | Found a shimmering altar of Xom.
  9495 | D:8      | Noticed an unseen horror
  9496 | D:8      | Noticed an unseen horror
  9943 | D:9      | Noticed a manticore
  9951 | D:9      | Killed a manticore
 10044 | D:9      | Reached skill level 14 in Stealth
 10121 | D:9      | Found a staircase to the Lair.
 10282 | D:9      | Noticed Psyche
 10286 | D:9      | Killed Psyche
 10586 | D:9      | Found a burning altar of Makhleb.
 10977 | D:10     | Entered Level 10 of the Dungeon
 11053 | Lair:1   | Entered Level 1 of the Lair of Beasts
 11057 | Lair:1   | Reached skill level 15 in Stealth
 11057 | Lair:1   | Reached XP level 11. HP: 42/47 MP: 23/26
 11063 | Lair:1   | Gained mutation: You have sharp fingernails. [potion of beneficial mutation]
 11064 | Lair:1   | Gained mutation: Your system is resistant to poisons. (rPois) [potion of beneficial mutation]
 11624 | Lair:1   | Noticed a five-headed hydra
 11672 | Lair:1   | Killed a five-headed hydra
 11992 | Lair:1   | Learned a level 3 spell: Regeneration
 11995 | Lair:1   | Learned a level 2 spell: Shroud of Golubria
 12710 | Lair:2   | Reached skill level 16 in Stealth
 13860 | Lair:3   | Found a staircase to the Snake Pit.
 14421 | Lair:3   | Noticed a six-headed hydra
 14428 | Lair:3   | Killed a six-headed hydra
 14428 | Lair:3   | Reached skill level 17 in Stealth
 14920 | Lair:4   | Reached XP level 12. HP: 51/51 MP: 22/27
 15147 | Lair:4   | Found a staircase to the Shoals.
 16134 | Lair:1   | Bought the ring "Foxaubun" {rCorr *Drain rC+ Int+4 SInv} for 615 gold pieces
 16192 | Lair:3   | Noticed a six-headed hydra
 16212 | Lair:3   | Killed a six-headed hydra
 16404 | Lair:5   | Noticed a death yak
 16404 | Lair:5   | Noticed a death yak
 16408 | Lair:5   | Noticed a death yak
 16465 | Lair:5   | Noticed a death yak
 16476 | Lair:5   | Killed a death yak
 16489 | Lair:5   | Killed a death yak
 16652 | Lair:5   | Reached skill level 18 in Stealth
 17146 | Lair:5   | Noticed a seven-headed hydra
 17156 | Lair:5   | Killed a seven-headed hydra
 17156 | Lair:5   | Reached skill level 10 in Short Blades
 17296 | Lair:5   | Killed a death yak
 17296 | Lair:5   | Reached skill level 1 in Fighting
 18418 | Lair:6   | Entered Level 6 of the Lair of Beasts
 18439 | Lair:6   | Killed a death yak
 18439 | Lair:6   | Reached skill level 15 in Hexes
 18573 | Lair:6   | Reached skill level 5 in Dodging
 18595 | Lair:6   | Reached XP level 13. HP: 58/59 MP: 20/28
 18664 | Lair:6   | Noticed a fire dragon
 19378 | Lair:6   | Reached skill level 19 in Stealth
 19687 | Lair:6   | Found a staircase to the Slime Pits.
 20096 | Lair:6   | Noticed a dire elephant
 20099 | Lair:6   | Killed a dire elephant
 20149 | Lair:6   | Learned a level 6 spell: Darkness
 20330 | Lair:6   | Noticed a dire elephant
 20368 | Lair:6   | Killed a dire elephant
 20827 | Lair:6   | Killed a fire dragon
 20842 | Lair:6   | Got an encrusted arbalest
 20843 | Lair:6   | Identified the cursed +0 arbalest of Contradiction {venom, rC+ MR+} (You found it on level 6 of the Lair of Beasts)
 21060 | D:10     | Learned a level 5 spell: Lee's Rapid Deconstruction
 21414 | D:10     | Reached skill level 5 in Fighting
 21632 | D:10     | Reached skill level 1 in Earth Magic
 21802 | D:11     | Reached XP level 14. HP: 68/68 MP: 9/29
 22012 | D:11     | Reached skill level 20 in Stealth
 22498 | D:11     | Found a staircase to the Orcish Mines.
 22757 | Orc:1    | Entered Level 1 of the Orcish Mines
 23299 | Orc:2    | Entered Level 2 of the Orcish Mines
 23508 | Orc:2    | Found a staircase to the Elven Halls.
 24483 | Orc:2    | Found Vaobb's Assorted Antiques.
 24483 | Orc:2    | Found Vaom's Jewellery Boutique.
 24484 | Orc:2    | Found Yteah's Antique Weapon Shop.
 24487 | Orc:2    | Found Akaody's General Store.
 24492 | Orc:2    | Bought a glowing dagger for 200 gold pieces
 24939 | Orc:2    | Bought a scroll of identify for 60 gold pieces
 24939 | Orc:2    | Bought a glowing wooden wand for 120 gold pieces
 24939 | Orc:2    | Bought a large granite ring for 150 gold pieces
 24939 | Orc:2    | Bought a scroll of identify for 60 gold pieces
 25029 | D:12     | Found Bozel's Gadget Shoppe.
 25103 | D:12     | Noticed Urug
 25120 | D:12     | Killed Urug
 26141 | D:12     | Noticed a fire giant
 26144 | D:12     | Killed a fire giant
 27050 | D:13     | Reached skill level 5 in Earth Magic
 27397 | D:14     | Found a burning altar of Makhleb.
 27595 | D:14     | Reached XP level 15. HP: 65/75 MP: 20/32
 27793 | D:14     | Found a gate to the Vaults.
 27795 | D:14     | Cast into level 2 of the Abyss (a wizard)
 27835 | Abyss:2  | Noticed a tentacled starspawn
 27891 | Abyss:2  | Noticed a quicksilver dragon
 27951 | Abyss:2  | Noticed a bone dragon
 27976 | Abyss:2  | Reached skill level 21 in Stealth
 28064 | Abyss:3  | Found a corrupted altar of Lugonu.
 28144 | Abyss:3  | Got an abyssal rune of Zot
 28178 | Abyss:3  | Noticed a tentacled starspawn
 28201 | Abyss:3  | Found a corrupted altar of Lugonu.
 28201 | Abyss:3  | Noticed a daeva
 28269 | D:14     | Escaped the Abyss
 29060 | D:15     | Entered Level 15 of the Dungeon
 29128 | D:15     | Found a frozen archway.
 29137 | IceCv    | Entered an ice cave
 29917 | IceCv    | Gained mutation: Your mind is acute. (Int +2) [potion of beneficial mutation]
 29994 | IceCv    | Noticed a frost giant
 30021 | IceCv    | Killed a frost giant
 30160 | IceCv    | Got twisted swamp dragon scales
 30498 | D:15     | Identified the cursed +1 swamp dragon scales of Death's Door {rPois Int+3} (You found it in an ice cave)
 30970 | D:15     | Found a staircase to the Depths.
 31349 | D:15     | Bought the +2 cloak of Sunlight {*Drain +Blink rF+++ Int-5} for 663 gold pieces
 31510 | D:15     | Reached skill level 22 in Stealth
 32290 | D:15     | Found an iron altar of Okawaru.
 33111 | D:15     | Reached XP level 16. HP: 72/83 MP: 22/34
 33372 | D:15     | Upgraded the game from 0.20-a0-454-g2b43fbb to 0.20-a0-455-gc3b7d50
 33561 | Snake:1  | Entered Level 1 of the Snake Pit
 33969 | Snake:1  | Identified the Almanac of Twisted Sinister Rituals
 34560 | Snake:1  | Upgraded the game from 0.20-a0-455-gc3b7d50 to 0.20-a0-463-g5747544
 35056 | Snake:2  | Noticed Vashnia
 35061 | Snake:2  | Shot with a bolt by a naga sharpshooter

Vault maps used:
D:1:      lightli_arrival_maybe_door_vault
D:2:      uniq_natasha
D:3:      grunt_dithmenos_smoke, uniq_terence
D:4:      gammafunk_temple_overflow_statue, lemuel_coloured_pillars_altar,
          serial_shops, shop_coins, nicolae_shop_crystal,
          kennysheep_generic_room_14
D:5:      gammafunk_temple_overflow_forgotten, first_bread
D:6:      old_forge, slow_altar_1, nicolae_overflow_hidden_temple, uniq_pikel
D:7:      uniq_menkaure
D:8:      regret_index_temple_of_mockery, uniq_erica
D:9:      lair_entry_dummy, basic_altar, uniq_psyche
D:10:     grunt_pizzeria, hangedman_weighted_door
D:11:     orc_0_dummy, roderic_roman_lattice
D:12:     serial_shops, nicolae_shop_statue_plus, minmay_evil_grid, uniq_urug
D:13:     st_stairs_5
D:14:     david_vaults_1, basic_altar
D:15:     gammafunk_depths_entry_grave, portal_ice_cave_entry_pillars_2,
          lemuel_doored_altar
Temple:   dpeg_three_leaves_temple
Lair:3:   statuecave_lemuel, minmay_snake_entry_guardpost_small
Lair:4:   shoals_dummy_entry, nicolae_quartered_pool_little
Lair:5:   worms_lemuel, grunt_megastairs_5
Lair:6:   hangedman_lair_in_review, guppyfry_lair_end_dragon,
          nicolae_slime_entry_slimehenge
Snake:1:  cheibrodos_snake_lava_hold
Snake:2:  uniq_vashnia
Orc:2:    st_orc_mages, nicolae_orc_lava_room
Abyss:3:  hangedman_abyss_or_decor_passed, evilmike_abyss_rune_ettins,
          evilmike_abyss_exit_glass
IceCv:    ice_cave_caverns_03

Skill      XL: |  1  2  3  4  5  6  7  8  9 10 11 12 13 14 15 16 |
---------------+-------------------------------------------------+-----
Spellcasting   | 3 4 5 6 8 9 10 12 13 14 | 14.1
Hexes          | 4 5 6 7 8 10 12 13 15 16 | 16.0
Stealth        | 5 6 7 8 9 11 12 15 17 18 19 20 22 | 22.5
Short Blades   | 4 6 8 10 | 10.0
Fighting       | 2 5 7 8 9 |  9.3
Dodging        | 5 9 |  9.0
Earth Magic    | 1 5 7 8 |  8.4

Action                   |  1- 3 |  4- 6 |  7- 9 | 10-12 | 13-15 | 16-18 || total
-------------------------+-------+-------+-------+-------+-------+-------++-------
Melee: Dagger            |    90 |    87 |   291 |   304 |   942 |   100 ||  1814
       Short sword       |       |    19 |    35 |     7 |       |       ||    61
       Trident           |       |       |       |    17 |       |       ||    17
 Cast: Corona            |    12 |     1 |       |       |       |       ||    13
       Ensorcelled Hiber |    19 |    26 |    29 |   183 |   172 |    17 ||   446
       Confuse           |       |    17 |    51 |    18 |    87 |     8 ||   181
       Tukima's Dance    |       |     3 |    21 |    18 |    79 |    16 ||   137
       Dazzling Spray    |       |     1 |    15 |    63 |   111 |    10 ||   200
       Regeneration      |       |       |       |     1 |       |       ||     1
Invok: Call Merchant     |       |       |     1 |     1 |     1 |       ||     3
 Abil: Evoke Flight      |       |       |       |     1 |       |       ||     1
Evoke: Wand              |       |    13 |     5 |     1 |     3 |       ||    22
       Lamp of fire      |       |       |       |       |     1 |       ||     1
  Use: Scroll            |       |     5 |     4 |    23 |    19 |     4 ||    55
       Potion            |       |     2 |     1 |     3 |     4 |       ||    10
 Stab: Sleeping          |    20 |    23 |    40 |   114 |   190 |    21 ||   408
       Distracted        |     2 |     1 |     1 |     1 |    16 |       ||    21
       Confused          |       |     3 |    26 |    13 |    56 |     3 ||   101
       Invisible         |       |     1 |     8 |    19 |    32 |     3 ||    63
       Petrifying        |       |       |       |       |     2 |       ||     2
       Petrified         |       |       |       |       |     2 |       ||     2
  Eat: Fruit             |       |     4 |       |       |       |       ||     4
       Royal jelly       |       |       |     1 |       |     2 |       ||     3
       Bread ration      |       |       |     1 |     1 |       |       ||     2
       Pizza             |       |       |     1 |       |     7 |       ||     8
Armor: Robe              |     5 |     4 |    14 |    17 |    26 |     1 ||    67
       Skin              |       |    13 |       |       |       |       ||    13
Dodge: Dodged            |    66 |    65 |   168 |   138 |   534 |    46 ||  1017
Block: Other             |       |       |       |    21 |    53 |     9 ||    83
       Reflection        |       |       |       |     2 |     2 |     2 ||     6
